 Dungeon Crawl Stone Soup version 0.23.1 (webtiles) character file.

Game seed: 12937073688738487720

492 Chiseanne the Skirmisher (level 6, -5/56 HPs)
             Began as a Draconian Abyssal Knight on Mar 15, 2019.
             Was a Priest of Lugonu.
             Slain by Pikel
             ... wielding a +1 whip of electrocution
              (8 damage)
             ... on level 5 of the Dungeon.
             The game lasted 00:06:46 (2991 turns).

Chiseanne the Skirmisher (Draconian Abyssal Knight) Turns: 2991, Time: 00:06:47

Health: -5/56      AC: 10    Str: 14    XL:     6   Next: 91%
Magic:  7/7        EV: 19    Int: 12    God:    Lugonu [***...]
Gold:   193        SH:  4    Dex: 18    Spells: 5/5 levels left

rFire    . . .     SeeInvis .   a - +4 hand axe (venom)
rCold    . . .     Gourm    .   A - +0 buckler
rNeg     . . .     Faith    .   (armour unavailable)
rPois    .         Spirit   .   (helmet restricted)
rElec    .         Reflect  .   r - +0 cloak
rCorr    .         Harm     .   y - +0 pair of gloves
MR       .....                  v - +1 pair of boots
Stlth    +++.......             (no amulet)
HPRegen  0.18/turn              (no ring)
MPRegen  0.10/turn              (no ring)

@: agile, about to teleport
A: unfitting armour, cold-blooded, AC +6
a: Depart the Abyss, Bend Space, Banish, Renounce Religion


You were on level 5 of the Dungeon.
You worshipped Lugonu.
Lugonu was most pleased with you.
You were not hungry.

You visited 1 branch of the dungeon, and saw 5 of its levels.
You visited the Abyss 1 time.

You collected 193 gold pieces.

Inventory:

Hand Weapons
 a - a +4 hand axe of venom (weapon)
 p - a +1 flail of holy wrath
 s - a +3 quarterstaff of chaos
Missiles
 c - 110 stones (quivered)
 d - 146 arrows
 f - a throwing net
 h - 24 bolts
 j - 5 needles of confusion
 x - 7 tomahawks
Armour
 r - a +0 cloak (worn)
 v - a +1 pair of boots (worn)
 y - a +0 pair of gloves (worn)
 A - a +0 buckler (worn)
Scrolls
 e - 2 scrolls of amnesia
 z - 2 scrolls of remove curse
Potions
 i - a potion of resistance {unknown}
 k - 3 potions of lignification {unknown}
 m - a potion of ambrosia {unknown}
 o - a potion of cancellation {unknown}
 q - a potion of flight {unknown}
 t - a potion of invisibility {unknown}
 u - 2 potions of haste {unknown}
Comestibles
 b - 10 rations
 n - 3 chunks of flesh


   Skills:
 * Level 5.6 Fighting
   Level 2.0 Long Blades
 - Level 3.5 Throwing
 * Level 4.3 Dodging
 * Level 0.0 Shields
 - Level 2.0 Invocations


You had 5 spell levels left.
You didn't know any spells.
Your spell library contained the following spells:

 Spells                   Type           Power        Failure   Level  Hunger
 Corona                   Hex            #......      50%         1    ##.....
 Ensorcelled Hibernation  Hex/Ice        #.....       63%         2    ###....
 Metabolic Englaciation   Hex/Ice        #.........   100%        5    ######.
 Silence                  Hex/Air        #.........   100%        5    ######.
 Darkness                 Hex            #.........   100%        6    #######


Dungeon Overview and Level Annotations

Branches:
Dungeon (5/15)
 Temple: D:4-7

Altars:
Dithmenos
Kikubaaqudgha
Makhleb
Wu Jian
Yredelemnul

Annotations:
D:5 Pikel


Innate Abilities, Weirdness & Mutations

Your plain brown scales are hard. (AC +6)
You cannot fit into any form of body armour.
You are cold-blooded and may be slowed by cold attacks.


Message History

* * * LOW HITPOINT WARNING * * *
You block the slave's attack. The ogre completely misses you.
The slave barely misses you.
As you read the scroll of teleportation, it crumbles to dust.
You feel strangely unstable.
The howler monkey hits you but does no damage.
The adder skeleton bites you but does no damage.
The slave closely misses you. Pikel misses you. The slave barely misses you. x2
The slave hits you.
* * * LOW HITPOINT WARNING * * *
The howler monkey hits you but does no damage.
You feel agile all of a sudden. The ogre misses you.
The adder skeleton misses you. The howler monkey hits you.
* * * LOW HITPOINT WARNING * * *
The slave barely misses you. The slave closely misses you.
You block the slave's attack.
Pikel hits you with a +1 whip of electrocution.
* * * LOW HITPOINT WARNING * * *
You are electrocuted!
You die...

......?.### #
...........####..
................
..............##
........[..<...##
................#
.......o.<.......
......Kpp........
......p@pc.......
......hOZ........
.................
.................
.................
.................
................
########.....l.


You could see Pikel, an ogre, 4 slaves, a centaur, a howler monkey, an iguana
(wandering), an orc and an adder skeleton.

Vanquished Creatures
  Blork the orc (D:4)
  A howler monkey (D:4)
  A hound (D:3)
  6 orc wizards
  Crazy Yiuf (D:2)
  3 adders
  3 gnolls (D:2)
  2 adder skeletons (D:4)
  A worm (D:2)
  5 dart slugs
  A leopard gecko (D:1)
  8 orcs
  3 giant cockroaches
  9 goblins
  7 hobgoblins
  2 jackals (D:2)
  11 kobolds
  A quokka (D:3)
  2 ball pythons
  6 bats
  8 frilled lizards
  A leopard gecko skeleton (D:4)
  3 rats
86 creatures vanquished.

Notes
Turn   | Place    | Note
-------+----------+-------------------------------------------
     0 | Abyss:1  | Chiseanne the Draconian Abyssal Knight began the quest for
                  | the Orb.
     0 | Abyss:1  | Reached XP level 1. HP: 19/19 MP: 2/2
    10 | Abyss:1  | Noticed a large abomination
    27 | D:1      | Escaped the Abyss
   203 | D:1      | Reached * piety under Lugonu
   208 | D:1      | Reached XP level 2. HP: 21/26 MP: 3/3
   288 | D:1      | Reached skill level 1 in Throwing
   555 | D:1      | Reached XP level 3. HP: 28/33 MP: 4/4
   881 | D:2      | Reached skill level 4 in Fighting
   904 | D:2      | Found an ornate altar of the Wu Jian Council.
   937 | D:2      | Reached XP level 4. HP: 27/40 MP: 5/5
  1168 | D:2      | Reached ** piety under Lugonu
  1469 | D:2      | Found a basalt altar of Yredelemnul.
  1482 | D:2      | Found a shadowy altar of Dithmenos.
  1599 | D:2      | Found a runed translucent door.
  1600 | D:2      | Noticed Crazy Yiuf
  1606 | D:2      | Killed Crazy Yiuf
  1731 | D:3      | Found a burning altar of Makhleb.
  1736 | D:3      | Reached XP level 5. HP: 44/47 MP: 6/6
  1811 | D:3      | Found an ancient bone altar of Kikubaaqudgha.
  2330 | D:4      | Reached skill level 5 in Fighting
  2330 | D:4      | Reached XP level 6. HP: 56/56 MP: 7/7
  2338 | D:4      | Reached *** piety under Lugonu
  2348 | D:4      | Identified Fiomoolixa's Disquisition on Bewitchment
  2752 | D:4      | Noticed Blork the orc
  2774 | D:4      | Killed Blork the orc
  2982 | D:5      | Entered Level 5 of the Dungeon
  2982 | D:5      | Noticed Pikel
  2982 | D:5      | Noticed a slave
  2982 | D:5      | Noticed a slave
  2982 | D:5      | Noticed a slave
  2982 | D:5      | Noticed a slave
  2991 | D:5      | Slain by Pikel

Skill      XL: |  1  2  3  4  5  6 |
---------------+-------------------+-----
Throwing       | 1 2 3 |  3.5
Fighting       | 4 5 |  5.6
Dodging        | 3 4 |  4.3
Long Blades    | |  2.0
Invocations    | |  2.0

Action                   |  1- 3 |  4- 6 || total
-------------------------+-------+-------++-------
Melee: Falchion          |    71 |       ||    71
       Tailslap          |    10 |    15 ||    25
       Hand axe          |    20 |   113 ||   133
Invok: Depart the Abyss  |     1 |       ||     1
  Use: Scroll            |     5 |    10 ||    15
       Potion            |       |     3 ||     3
 Stab: Sleeping          |     1 |     2 ||     3
  Eat: Chunk             |       |     7 ||     7
Armor: Skin              |    25 |    46 ||    71
Dodge: Dodged            |    77 |    93 ||   170
Block: Buckler           |       |     4 ||     4
       Rpst.: Falchion   |    13 |       ||    13
